Map: 16-Bit LE

Players

NafanYa - Winner!

  • Race: Terran Terran
  • League: Diamond
  • Spawn Location: 1:00

erikmaster

  • Race: Protoss Protoss
  • League: Diamond
  • Spawn Location: 7:00

VOD

Have the link to the VOD?

Description

Time

  • Played on: June 9, 2018, 8:46 a.m.
  • Length: 16:02
Show
View Real Time Build Order
Export as new Build Order

NafanYa Terran - Winner!

Build Orders: Reaper Expand, MMM Bio 

Get SALT Encoding   

  12  0:01  SCV  
  13  0:13  SCV  
  14  0:18  Supply Depot  
  14  0:25  SCV  
  15  0:29  Refinery  
  15  0:40  SCV  
  16  0:46  Barracks  
  16  0:52  SCV  
  17  1:04  SCV  
  18  1:16  SCV  
  19  1:33  Reaper  
  19  1:36  Orbital Command  
  20  1:50  Command Center  
  20  2:01  Barracks  
  20  2:03  SCV  
  20  2:07  Barracks Reactor  
  21  2:16  SCV  
  22  2:25  Supply Depot  
  22  2:27  Barracks  
  22  2:28  SCV  
  23  2:46  Marine x2  
  23  2:47  SCV  
  26  2:59  SCV  
  27  3:07  Marine x2  
  27  3:08  Barracks Tech Lab  
  29  3:12  Orbital Command  
  29  3:13  SCV  
  30  3:21  Marine  
  30  3:25  Engineering Bay, SCV  
  32  3:29  Concussive Shells  
  32  3:30  Marauder  
  34  3:34  Marine x2  
  37  3:41  SCV x2  
  37  3:44  Marine  
  37  3:47  Supply Depot  
  39  3:52  Marauder  
  39  3:54  Marine  
  39  3:55  Marine  
  43  3:59  Missile Turret  
  43  4:01  SCV x2  
  45  4:03  Marine  
  46  4:10  Supply Depot  
  46  4:14  Supply Depot  
  46  4:15  Stimpack  
  46  4:18  Marine x2  
  46  4:19  Marauder  
  46  4:23  SCV x2  
  52  4:24  Marine  
  52  4:31  Factory  
  53  4:36  Terran Infantry Weapons Level 1  
  53  4:40  SCV x2  
  53  4:41  Refinery, Marine  
  53  4:44  Barracks Tech Lab  
  53  4:45  Marine  
  56  4:46  Marine  
  56  4:52  SCV  
  59  4:58  Missile Turret  
  59  4:59  Marine  
  60  5:03  Marine  
  60  5:04  Marauder, Marine  
  64  5:07  SCV x2  
  64  5:12  Refinery  
  66  5:17  Marine  
  62  5:32  Marine x2  
  62  5:33  Marine  
  55  5:42  Marine  
  55  5:44  Factory Reactor  
  55  5:48  Starport, SCV x2  
  58  5:50  Marine  
  58  5:52  Combat Shield  
  59  5:59  Refinery  
  59  6:00  SCV x2  
  61  6:07  Marauder x2, Marine, Barracks  
  61  6:08  Barracks, Marine  
  67  6:12  SCV  
  68  6:25  Marine  
  69  6:26  Marine  
  69  6:27  Supply Depot  
  69  6:30  Supply Depot, Command Center  
  70  6:33  Terran Infantry Armor Level 1  
  70  6:34  Medivac x2  
  70  6:37  Marauder  
  70  6:38  Widow Mine  
  78  6:49  Marauder, Marine x2  
  82  6:58  Marine  
  82  7:00  Supply Depot x2, Marine  
  82  7:01  Supply Depot, Marine  
  85  7:07  Medivac x2  
  85  7:08  Widow Mine  
  91  7:11  Marauder  
  93  7:21  Marauder  
  95  7:23  Supply Depot  
  95  7:24  Supply Depot  
  95  7:32  Marauder  
  96  7:43  Marauder  
  98  7:44  Marine  
  98  7:45  Marine x3  
  102  7:53  Marine  
  98  8:02  Marine x3  
  98  8:03  Marine  
  98  8:04  Marine  
  102  8:08  Widow Mine, Medivac x2  
  102  8:10  Orbital Command  
  102  8:11  SCV x2  
  109  8:26  Marine x2  
  109  8:27  Marine x4  
  110  8:44  Marine  
  110  8:45  Marauder x2  
  102  8:51  Marine x3  
  92  9:02  Marine  
  89  9:05  Widow Mine, Medivac x2  
  89  9:06  Marauder, Marine  
  89  9:08  Marine  
  89  9:09  Marine x2  
  100  9:10  Barracks  
  100  9:11  Barracks  
  100  9:14  Engineering Bay  
  100  9:15  Armory  
  100  9:20  Marine  
  100  9:24  Marine  
  101  9:26  Marine  
  101  9:27  Marine x2  
  101  9:30  Widow Mine  
  108  9:32  Barracks Reactor  
  108  9:37  Marine  
  108  9:38  Medivac x2  
  110  9:42  Marauder  
  110  9:44  Marine x2  
  116  9:46  Marauder, Supply Depot  
  116  9:47  SCV x2  
  116  9:49  Supply Depot  
  116  9:51  Widow Mine  
  122  9:55  Marine  
  108  10:15  Marine  
  108  10:16  Marine x6  
  111  10:33  Marine x7  
  116  10:48  Barracks Reactor  
  116  10:51  Marine x6  
  116  10:53  Refinery, Ghost Academy  
  116  10:54  Barracks Tech Lab  
  116  10:55  Marauder  
  116  10:56  Refinery  
  124  10:57  Command Center  
  124  10:59  SCV x3  
  127  11:09  Marine x2  
  127  11:10  Marauder  
  131  11:11  SCV  
  131  11:12  Terran Infantry Armor Level 2, Terran Infantry Weapons Level 2  
  131  11:15  SCV x2  
  131  11:16  Marauder, Marine x2  
  131  11:17  Marauder  
  140  11:23  SCV  
  141  11:27  SCV  
  141  11:28  SCV, Marine  
  141  11:31  Marauder, Liberator  
  146  11:33  Factory Reactor  
  146  11:35  Terran Vehicle And Ship Armor Level 1  
  146  11:36  Missile Turret, Barracks Tech Lab  
  146  11:38  Marauder  
  148  11:43  SCV  
  148  11:44  Marauder, Marine x3  
  154  11:52  Marauder  
  145  12:11  Marine x3  
  145  12:12  Marauder x3, Marine x3  
  145  12:14  Marauder  
  159  12:28  Marine  
  136  12:44  Marauder x3, Marine x4  
  141  12:56  Marauder  
  141  12:58  Widow Mine x2  
  146  13:05  Marauder  
  116  13:17  Marine x3  
  116  13:18  Marine x4  
  123  13:22  Marauder x2, Widow Mine  
  123  13:23  Widow Mine  
  123  13:24  Planetary Fortress  
  123  13:25  SCV x2  
  123  13:26  SCV  
  131  13:34  Marauder  
  131  13:35  Marine x2  
  131  13:36  Marauder  
  131  13:37  SCV, Barracks  
  131  13:38  Personal Cloaking, SCV, Barracks  
  139  13:42  Marine x4  
  139  13:45  Medivac  
  139  13:47  Medivac  
  149  13:53  Marine x2  
  151  13:58  Marauder  
  151  13:59  Marine  
  151  14:00  Widow Mine x2  
  160  14:04  Missile Turret  
  160  14:10  Refinery  
  160  14:11  Marauder, Unknown x2  
  160  14:13  Marine x3  
  160  14:14  Marine x2  
  169  14:23  Marine x2  
  169  14:24  Unknown, Marine  
  173  14:25  Widow Mine x2, Medivac  
  173  14:27  Barracks Tech Lab  
  180  14:41  Unknown  
  180  14:46  Marauder x2, Supply Depot, Marine x3  
  180  14:47  Unknown  
  180  14:48  Supply Depot  
  187  14:56  Supply Depot  
  187  15:08  Marine x4, Medivac  
  187  15:09  Marauder  
  187  15:10  Marine  
  189  15:38  Unknown x2  
  181  15:43  Marine  
Show
View Real Time Build Order
Export as new Build Order

erikmaster Protoss 

Build Orders: 1 Gate Expand, Oracle Opening 

Get SALT Encoding   

  12  0:00  Probe  
  13  0:08  Probe  
  14  0:19  Probe  
  14  0:20  Pylon  
  15  0:38  Probe, Gateway  
  16  0:44  Assimilator  
  16  0:50  Probe  
  17  0:58  Probe  
  18  1:06  Probe  
  19  1:16  Probe  
  20  1:28  Nexus  
  20  1:45  Cybernetics Core, Probe  
  21  1:48  Assimilator  
  21  1:57  Probe  
  23  2:18  Pylon  
  22  2:23  Probe  
  22  2:26  Stalker  
  23  2:33  Warp Gate  
  25  2:39  Probe  
  26  2:49  Probe  
  27  2:51  Probe  
  27  2:56  Stalker  
  29  3:03  Probe  
  29  3:05  Probe  
  30  3:15  Probe  
  30  3:16  Probe  
  31  3:22  Stargate  
  31  3:23  Probe  
  31  3:24  Gateway x2  
  31  3:25  Probe  
  31  3:31  Probe  
  31  3:33  Probe  
  33  3:40  Stalker  
  37  3:41  Probe  
  37  3:46  Pylon  
  37  3:47  Probe  
  39  3:53  Probe  
  40  3:57  Oracle  
  40  3:59  Probe  
  41  4:03  Probe  
  45  4:11  Probe x2  
  47  4:20  Robotics Facility  
  47  4:25  Probe  
  47  4:28  Pylon  
  48  4:32  Probe, Pylon  
  48  4:34  Oracle  
  52  4:39  Probe  
  52  4:41  Assimilator  
  52  4:44  Assimilator  
  53  4:56  Shield Battery, Probe  
  53  4:59  Pylon  
  54  5:06  Immortal  
  54  5:15  Stalker x3  
  47  5:36  Probe x2  
  47  5:41  Nexus  
  45  5:43  Pylon  
  45  5:44  Shield Battery  
  45  5:46  Probe x2  
  47  5:54  Probe  
  47  5:55  Probe  
  47  6:00  Twilight Council  
  47  6:02  Probe  
  47  6:03  Probe  
  49  6:06  Forge  
  49  6:08  Pylon  
  49  6:11  Adept x2  
  55  6:13  Probe  
  55  6:14  Probe  
  57  6:21  Probe  
  58  6:26  Probe  
  58  6:31  Probe  
  59  6:37  Adept x3  
  59  6:38  Probe  
  67  6:43  Probe  
  68  6:50  Probe  
  69  6:55  Shield Battery, Probe  
  69  6:56  Shield Battery  
  69  6:57  Adept  
  69  6:58  Adept x2, Oracle  
  76  7:01  Shield Battery  
  76  7:03  Probe, Gateway  
  76  7:06  Immortal  
  80  7:19  Sentry  
  80  7:21  Adept  
  88  7:30  Adept  
  88  7:32  Probe  
  91  7:46  Adept x2  
  91  7:47  Protoss Ground Weapons Level 1  
  95  7:54  Immortal  
  95  7:58  Resonating Glaives  
  85  8:02  Adept  
  87  8:11  Phoenix  
  87  8:12  Adept x3  
  93  8:13  Probe x3  
  93  8:18  Gateway  
  95  8:25  Adept, Probe  
  97  8:29  Pylon  
  97  8:34  Gateway  
  97  8:36  Pylon x2  
  93  8:42  Adept x2  
  93  8:43  Adept  
  93  8:47  Probe x3  
  90  8:55  Adept  
  78  9:01  Immortal  
  70  9:05  Probe x3  
  70  9:06  Adept  
  70  9:07  Adept x2  
  79  9:12  Phoenix  
  85  9:17  Probe  
  85  9:18  Probe x2  
  85  9:19  Adept x2  
  92  9:24  Assimilator  
  92  9:26  Photon Cannon  
  92  9:29  Probe  
  92  9:30  Immortal  
  93  9:32  Protoss Ground Weapons Level 2  
  93  9:33  Shield Battery, Adept x3  
  103  9:48  Phoenix  
  103  9:49  Sentry x2  
  105  10:06  Adept x2  
  98  10:25  Probe x2  
  94  10:30  Photon Cannon  
  94  10:33  Pylon  
  94  10:35  Probe  
  95  10:36  Shield Battery  
  95  10:37  Probe  
  95  10:38  Probe  
  95  10:46  Stalker x2  
  95  10:47  Probe, Stalker x2  
  95  10:48  Zealot x2  
  95  10:49  Probe  
  107  10:58  Pylon  
  107  10:59  Photon Cannon  
  107  11:02  Shield Battery  
  107  11:07  Photon Cannon  
  107  11:11  Charge  
  107  11:16  Photon Cannon  
  107  11:27  Assimilator, Templar Archives  
  107  11:30  Gateway  
  107  11:32  Sentry x3  
  113  11:35  Stalker x2, Protoss Ground Armor Level 1  
  117  11:48  Photon Cannon  
  117  11:58  Zealot x2  
  117  11:59  Zealot x2  
  117  12:00  Immortal  
  121  12:03  Adept x2  
  117  12:20  Psionic Storm  
  113  12:23  High Templar x4  
  113  12:25  Zealot x2  
  113  12:28  Archon  
  113  12:29  Archon  
  97  12:44  Zealot  
  97  12:46  Zealot x2  
  103  12:56  Zealot x2  
  103  12:57  Zealot x2  
  109  12:59  Blink  
  95  13:10  Stalker x3  
  91  13:17  Zealot x2  
  91  13:18  Zealot x2  
  95  13:20  Protoss Shields Level 1  
  95  13:32  Robotics Bay  
  95  13:34  Pylon  
  95  13:35  Zealot x3  
  95  13:37  Pylon  
  95  13:38  Sentry, Pylon  
  95  13:39  High Templar  
  95  13:40  High Templar  
  107  13:42  Gateway  
  107  13:43  Gateway  
  107  13:54  Nexus  
  107  13:57  Pylon  
  107  13:58  Pylon  
  106  14:17  Probe x3  
  106  14:22  Zealot x3  
  106  14:23  Zealot  
  106  14:24  Sentry x3  
  119  14:25  Pylon  
  121  14:36  Colossus  
  120  14:46  Probe  
  121  14:55  Pylon  
  121  14:59  Pylon  
  126  15:06  Pylon  
  114  15:33  Stalker  
  114  15:34  Zealot x5  
  118  15:40  Sentry x2  
  110  15:43  High Templar  
  110  15:46  Shield Battery  
Tags
 
Add a new tag
Caveats
  • Supply blocks, unpowered buildings, or Contaminate may cause inaccurate times.
  • Supply counts are checked every 10 seconds.